 Dungeon Crawl Stone Soup version 0.24-a0-245-gb50751227d (webtiles) character file.

Game seed: 16024252910006460347

221 MrRokkomies the Firebug (level 5, -3/28 HPs)
             Began as a Deep Elf Fire Elementalist on Apr 12, 2019.
             Was a Follower of Kikubaaqudgha.
             Slain by an orc
             ... wielding a +0 hand axe
              (8 damage)
             ... on level 3 of the Dungeon.
             The game lasted 00:14:44 (3828 turns).

MrRokkomies the Firebug (DEFE)                      Turns: 3828, Time: 00:14:45

Health: -3/28      AC:  3    Str:  5    XL:     5   Next: 65%
Magic:  8/13       EV: 13    Int: 21    God:    Kikubaaqudgha [*.....]
Gold:   150        SH:  0    Dex: 15    Spells: 2/12 levels left

rFire    . . .     SeeInvis .   p - +1 trident (protect)
rCold    . . .     Gourm    .   (no shield)
rNeg     . . .     Faith    .   a - +1 robe
rPois    .         Spirit   .   (no helmet)
rElec    .         Reflect  .   (no cloak)
rCorr    .         Harm     .   (no gloves)
MR       +....                  (no boots)
Stlth    ++........             (no amulet)
HPRegen  0.09/turn              d - ring of protection from magic
MPRegen  0.13/turn              (no ring)

@: no status effects
A: no striking features
a: Receive Corpses, Renounce Religion


You were on level 3 of the Dungeon.
You worshipped Kikubaaqudgha.
Kikubaaqudgha was aware of your devotion.
You were not hungry.

You visited 1 branch of the dungeon, and saw 4 of its levels.

You collected 150 gold pieces.

Inventory:

Hand Weapons
 f - a +0 dagger
 g - a +0 quarterstaff
 p - a +1 trident of protection (weapon)
Missiles
 h - 2 javelins (quivered)
Armour
 a - a +1 robe (worn)
Jewellery
 d - a ring of protection from magic (left hand)
 m - an uncursed ring of ice
Scrolls
 k - 2 scrolls of enchant armour
Potions
 b - 2 potions of lignification
 e - a potion of flight
 i - a potion of haste
Comestibles
 c - 9 rations


   Skills:
 - Level 2.4 Dodging
 - Level 2.4 Stealth
 - Level 4.0 Spellcasting
 * Level 3.9 Conjurations
 + Level 1.4 Necromancy
 * Level 5.1 Fire Magic


You had 2 spell levels left.
You knew the following spells:

 Your Spells              Type           Power        Failure   Level  Hunger
a - Flame Tongue          Conj/Fire      ###..        1%          1    None
b - Throw Flame           Conj/Fire      ###...       2%          2    #......
c - Inner Flame           Hex/Fire       ###.....     12%         3    ###....
d - Conjure Flame         Conj/Fire      ###.....     5%          3    ###....
e - Animate Skeleton      Necr           N/A          7%          1    None

Your spell library contained the following spells:

 Spells                   Type           Power        Failure   Level  Hunger
 Pain                     Necr           ##..         7%          1    None
 Sublimation of Blood     Necr           ##........   10%         2    #......
 Sticky Flame             Conj/Fire      ###.....     19%         4    ####...
 Vampiric Draining        Necr           ##........   21%         3    ###....
 Fireball                 Conj/Fire      ###.......   45%         5    ######.


Dungeon Overview and Level Annotations

Branches:
Dungeon (4/15)
 Temple: D:4-7

Altars:
Gozag
Kikubaaqudgha
Okawaru
Qazlal
Zin


Message History

You kill the orc priest!
Kikubaaqudgha accepts your kill.
An orc wizard comes into view. It is wielding a +0 dagger.
The orc hits you but does no damage. The orc hits you with a +0 hand axe.
* * * LOW HITPOINT WARNING * * *
The orc wizard gestures at you while chanting.
You resist with almost no effort.
You climb upwards.
There is a stone staircase leading down, spattered with blood here.
Casting: Flame Tongue (safe; 1% risk of failure)
Confirm with . or Enter, or press ? or * to list all spells.
Aiming: Flame Tongue (safe; 1% risk of failure)
Press: ? - help, Shift-Dir - straight line, f - orc
Aim: an orc, wielding a +0 hand axe The flame tongue hits the orc.
The orc is severely wounded.
The orc hits you with a +0 hand axe!
You die...
Kikubaaqudgha rasps: "You have failed me!
Welcome... death!"

..............##.###.......#
#...
#.######.##.#.##...........#
####
#..............#...........#
#.#...........≈#........#.##
#<....≈....≈.........####.#
##..≈≈≈≈≈..≈≈........# #≈#
.....≈≈###≈#≈........# #≈#
)##.≈≈#≈≈≈≈#≈........# #≈#
.<....#≈⌠>≈≈≈≈.o@...(# #.#
###....≈_.≈#≈...####.####.#
......+≈≈≈≈≈....# #).....#
### ###...≈≈###≈.≈..#
#####..# #..
.....≈≈≈≈≈......# #..# #..
.......≈≈≈......# #..# #..
...............## #..# #..
........######## #..#####..
...####.# #........#


You could see an orc.

Vanquished Creatures
  A hound (D:3)
  An orc priest (D:4)
  Natasha (D:2)
  Robin (D:2)
  3 adders
  An ooze (D:1)
  2 worms
  2 dart slugs
  A leopard gecko (D:2)
  5 orcs (D:3)
  3 giant cockroaches
  17 goblins
  9 hobgoblins
  8 jackals
  3 kobolds
  9 bats
  3 frilled lizards
  11 rats
81 creatures vanquished.

Notes
Turn   | Place    | Note
-------+----------+-------------------------------------------
     0 | D:1      | MrRokkomies the Deep Elf Fire Elementalist began the quest
                  | for the Orb.
     0 | D:1      | Reached XP level 1. HP: 10/10 MP: 6/6
   300 | D:1      | Reached XP level 2. HP: 15/15 MP: 4/8
   855 | D:1      | Learned a level 2 spell: Throw Flame
  1016 | D:2      | Reached XP level 3. HP: 15/19 MP: 5/9
  1074 | D:2      | Reached skill level 4 in Fire Magic
  1148 | D:2      | Found an iron altar of Okawaru.
  1194 | D:2      | Found an ancient bone altar of Kikubaaqudgha.
  1217 | D:2      | Became a worshipper of Kikubaaqudgha
  1617 | D:2      | Found an opulent altar of Gozag.
  1682 | D:2      | Learned a level 3 spell: Inner Flame
  1700 | D:2      | Noticed Robin
  1708 | D:2      | Killed Robin
  1721 | D:2      | Reached XP level 4. HP: 10/24 MP: 1/11
  1816 | D:2      | Learned a level 3 spell: Conjure Flame
  2167 | D:2      | Noticed Natasha
  2173 | D:2      | Killed Natasha
  2173 | D:2      | Reached * piety under Kikubaaqudgha
  2173 | D:2      | Identified Kikubaaqudgha's Catalogue of Black Rituals
                  | (Kikubaaqudgha gifted it to you on level 2 of the Dungeon)
  2173 | D:2      | Received a gift from Kikubaaqudgha
  2177 | D:2      | Learned a level 1 spell: Animate Skeleton
  2832 | D:3      | Found a stormy altar of Qazlal.
  3020 | D:3      | Reached XP level 5. HP: 28/28 MP: 13/13
  3595 | D:3      | Found a glowing silver altar of Zin.
  3706 | D:3      | Reached skill level 1 in Necromancy
  3706 | D:3      | Reached skill level 5 in Fire Magic
  3828 | D:3      | Slain by an orc

Levels and vault maps discovered:
D:1:      kennysheep_arrival_seaside, layout_rooms, hangedman_glass_teeth,
          serial_bayou_pond_a
D:2:      layout_loops_corners, kiku_gazebo_pond_becter, okawaru_gym_becter,
          first_ration, grunt_gozag_breadcrumbs, uniq_robin, uniq_natasha
D:3:      layout_basic, zin_academy, nicolae_qazlal_general_emergency,
          hangedman_abyss_or_decor_stabs, corexii_corridor_pit
D:4:      layout_rooms, regret_index_temple_of_mockery,
          nicolae_overflow_crystal_walls, kennysheep_mini_moat, serial_undead,
          serial_undead_e, serial_undead_a, serial_undead_f, serial_undead_b,
          hangedman_decor_points, uniq_menkaure, uniq_ijyb, uniq_sigmund

Skill      XL: |  1  2  3  4  5 |
---------------+----------------+-----
Conjurations   | 2 3 |  3.9
Fire Magic     | 4 5 |  5.1
Spellcasting   | 4 |  4.0
Necromancy     | 1 |  1.4
Dodging        | |  2.4
Stealth        | |  2.4

Action                   |  1- 3 |  4- 6 || total
-------------------------+-------+-------++-------
Melee: Unarmed           |    17 |       ||    17
       Dagger            |    30 |       ||    30
       Quarterstaff      |     9 |    60 ||    69
       Trident           |       |    10 ||    10
 Cast: Flame Tongue      |    51 |    46 ||    97
       Inner Flame       |     2 |     1 ||     3
       Throw Flame       |     1 |     4 ||     5
       Conjure Flame     |       |     1 ||     1
  Use: Scroll            |     2 |     9 ||    11
 Stab: Sleeping          |     2 |     1 ||     3
  Eat: Chunk             |     3 |     6 ||     9
Armor: Robe              |    15 |    30 ||    45
Dodge: Dodged            |    62 |    96 ||   158

Table legend:
 A = Non-vault XP
 B = Vault XP
 C = Vault XP percentage of total XP
 D = Non-vault monster count
 E = Vault monster count
 F = Vault count percentage of total count
                 A         B        C        D         E       F
            +---------+---------+-------+---------+---------+-------
      Total |     251 |      66 |  20.8 |      70 |      11 |  13.6
            +---------+---------+-------+---------+---------+-------
        D:1 |      39 |       0 |   0.0 |      20 |       0 |   0.0
        D:2 |      59 |      66 |  52.8 |      25 |      11 |  30.6
        D:3 |      99 |       0 |   0.0 |      23 |       0 |   0.0
        D:4 |      54 |       0 |   0.0 |       2 |       0 |   0.0
            +---------+---------+-------+---------+---------+-------
